 Dungeon Crawl Stone Soup version 0.27-a0-1334-g2746e35aca (webtiles) character file.

Game seed: 11812109305105965287

1053 Lanoc the Frost Mage (level 8, 0/52 HPs)
             Began as a Demonspawn Ice Elementalist on June 26, 2021.
             Was a Believer of Dithmenos.
             Slain by a gnoll sergeant (10 damage)
             ... on level 5 of the Dungeon.
             The game lasted 00:07:11 (5063 turns).

Lanoc the Frost Mage (Demonspawn Ice Elementalist)  Turns: 5063, Time: 00:07:12

Health: 0/52       AC:  5    Str: 10    XL:     8   Next: 5%
Magic:  11/11      EV: 14    Int: 18    God:    Dithmenos [**....]
Gold:   135        SH:  0    Dex: 13    Spells: 7/11 levels left

rFire    . . .     SeeInvis .   f - +0 spear (drain)
rCold    . . .     Faith    .   (no shield)
rNeg     . . .     Spirit   .   a - +0 robe
rPois    .         Reflect  .   (helmet restricted)
rElec    .         Harm     .   (no cloak)
rCorr    .         Rampage  .   (no gloves)
Will     .....                  (no boots)
Stlth    ++........             g - amulet of magic regeneration
HPRegen  0.17/turn              (no ring)
MPRegen  0.37/turn              (no ring)

@: freezing walls, wreathed by umbra
A: antennae 2, slimy green scales 2, demonic guardian 1, powered by pain 2
a: Renounce Religion, Shadow Step


You were on level 5 of the Dungeon.
You worshipped Dithmenos.
Dithmenos was pleased with you.
You visited 1 branch of the dungeon, and saw 6 of its levels.

You collected 135 gold pieces.

Inventory:

Hand Weapons
 f - a +0 spear of draining (weapon)
Armour
 a - a +0 robe (worn)
Jewellery
 g - an amulet of magic regeneration (around neck)
Scrolls
 d - a scroll of blinking {unknown}
 e - a scroll of fear {unknown}
 h - a scroll of amnesia
Potions
 b - 2 potions of curing
 c - a potion of heal wounds
 i - a potion of degeneration {unknown}


   Skills:
 + Level 5.1 Dodging
 - Level 1.7 Stealth
 - Level 2.0 Spellcasting
 * Level 8.0 Ice Magic


You had 7 spell levels left.
You knew the following spells:

 Your Spells              Type           Power      Damage    Failure   Level
a - Freeze                Ice            100%       1d11      1%          1
b - Frozen Ramparts       Ice            60%        1d8       1%          3

Your spell library contained the following spells:

 Spells                   Type           Power      Damage    Failure   Level
 Ozocubu's Armour         Ice            30%        N/A       1%          3
 Summon Small Mammal      Summ           4%         N/A       19%         1
 Call Imp                 Summ           1%         N/A       26%         2
 Hailstorm                Conj/Ice       16%        3d6       34%         4
 Summon Ice Beast         Ice/Summ       16%        N/A       34%         4
 Call Canine Familiar     Summ           1%         N/A       47%         3
 Summon Guardian Golem    Hex/Summ       1%         N/A       47%         3
 Metabolic Englaciation   Hex/Ice        8%         N/A       67%         5
 Summon Lightning Spire   Summ/Air       1%         N/A       87%         4


Dungeon Overview and Level Annotations

Branches:
Dungeon (6/15)
 Temple: D:4-7

Altars:
Dithmenos

Shops:
D:6 (?


Innate Abilities, Weirdness & Mutations

You have a pair of antennae on your head.
You are mostly covered in slimy green scales. (AC +3)
A weak demonic guardian rushes to your aid.
You sometimes gain power by taking damage.


Message History

The quokka closely misses you. x2
You hit the quokka.
You kill the quokka!
Dithmenos accepts your kill.
No target in view!
HP restored.
b - 2 potions of curing (gained 1)
Found 21 stones.
You now have 122 gold pieces (gained 9).
Found an escape hatch in the ceiling.
You now have 135 gold pieces (gained 13).
A gnoll sergeant is nearby!
A gnoll sergeant is nearby!
You reach to attack!
You barely miss the gnoll sergeant.
The gnoll sergeant shouts!
You hear a shout!
The gnoll sergeant hits you from afar with a +5 vorpal spear!
Casting: Frozen Ramparts (safe; 1% risk of failure)
Confirm with . or Enter, or press ? or * to list all spells.
Casting: Frozen Ramparts (safe; 1% risk of failure)
Press: ? - help, Dir - look around, f - activate This square is wreathed by an umbra.
The walls around you are covered in ice.
The wall freezes the gnoll sergeant!
The gnoll sergeant hits you from afar with a +5 vorpal spear!
You focus on the pain.
You feel your power returning.
You are too injured to fight recklessly!
You are too injured to fight recklessly!
You are too injured to fight recklessly!
The wall freezes the gnoll sergeant.
The gnoll sergeant hits you from afar with a +5 vorpal spear!
* * * LOW HITPOINT WARNING * * *
x2 A demonic guardian appears!
Reach: f) +0 spear (drain)
Press: ? - help, Dir - move target, f - gnoll sergeant
Aim: a gnoll sergeant, wielding a +5 vorpal spear and wearing a +0 ring mail (heavily wounded, ally target, umbra, about 33% to evade your +0 spear of draining)
You reach to attack!
You hit the gnoll sergeant.
The gnoll sergeant is severely wounded.
The wall freezes the gnoll sergeant.
The gnoll sergeant hits you from afar with a +5 vorpal spear!
You die...

# ### .. ... .
.# ..g ..#.#
..# ... ###
..g # #g# #
#.## #.@## .
##..## ..
##.5# ...
##.## ....
####..##.....
##..##........
#......###....
##<....## ..
#......#


You could see a gnoll sergeant (ally target), a gnoll and a friendly ufetubus
(summoned).

Vanquished Creatures
  Sigmund (D:2)
  2 ogres
  A necrophage (D:3)
  A centaur (D:6)
  2 scorpions
  2 orc priests (D:3)
  A centaur skeleton (D:6)
  A hound (D:3)
  Jessica (D:2)
  An iguana (D:6)
  2 orc wizards
  10 gnolls
  4 adders
  A worm (D:2)
  2 dart slugs
  5 orcs
  9 ball pythons
  8 endoplasms
  2 giant cockroaches
  11 goblins
  A hobgoblin (D:4)
  6 jackals
  2 quokkas
  4 bats
  A frilled lizard (D:1)
  3 kobolds
  6 rats
90 creatures vanquished.

Notes
Turn   | Place    | Note
-------+----------+-------------------------------------------
     0 | D:1      | Lanoc the Demonspawn Ice Elementalist began the quest for
                  | the Orb.
     0 | D:1      | Reached XP level 1. HP: 13/13 MP: 3/3
    17 | D:1      | Noticed a merfolk zombie
   272 | D:1      | Found a faded altar of an unknown god.
   295 | D:1      | Became a worshipper of Dithmenos the Shadowed
   295 | D:1      | Reached * piety under Dithmenos
   647 | D:1      | Gained mutation: You are partially covered in slimy green
                  | scales. (AC +2) [demonic ancestry]
   647 | D:1      | Reached XP level 2. HP: 19/19 MP: 3/5
   715 | D:1      | Reached skill level 4 in Ice Magic
  1201 | D:2      | Noticed Jessica
  1208 | D:2      | Killed Jessica
  1209 | D:2      | Gained mutation: You have a pair of small antennae on your
                  | head. [demonic ancestry]
  1209 | D:2      | Reached XP level 3. HP: 8/24 MP: 1/6
  1413 | D:2      | Learned a level 3 spell: Frozen Ramparts
  1541 | D:2      | Noticed Sigmund
  1555 | D:2      | Killed Sigmund
  1556 | D:2      | Reached skill level 5 in Ice Magic
  1556 | D:2      | Gained mutation: You sometimes gain a little power by
                  | taking damage. [demonic ancestry]
  1556 | D:2      | Reached XP level 4. HP: 8/30 MP: 3/7
  1556 | D:2      | Gained mutation: You have a pair of antennae on your head.
                  | [demonic ancestry]
  1556 | D:2      | Reached XP level 5. HP: 9/35 MP: 3/8
  2866 | D:3      | Noticed a necrophage
  2872 | D:3      | Gained mutation: You are mostly covered in slimy green
                  | scales. (AC +3) [demonic ancestry]
  2872 | D:3      | Reached XP level 6. HP: 19/41 MP: 6/9
  2874 | D:3      | Reached skill level 6 in Ice Magic
  2877 | D:3      | Reached ** piety under Dithmenos
  3300 | D:3      | Noticed an ice beast
  3737 | D:3      | Gained mutation: You sometimes gain power by taking damage.
                  | [demonic ancestry]
  3737 | D:3      | Reached XP level 7. HP: 46/46 MP: 7/10
  3985 | D:4      | Reached skill level 7 in Ice Magic
  4319 | D:4      | You fall into a shaft and drop 2 floors!
  4319 | D:6      | Found Linahetu's Antique Weapon Emporium.
  4740 | D:6      | Reached skill level 5 in Dodging
  4893 | D:6      | Found Cyonuykk's Magic Scroll Boutique.
  4895 | D:5      | Entered Level 5 of the Dungeon
  4915 | D:5      | Reached skill level 8 in Ice Magic
  4915 | D:5      | Gained mutation: A weak demonic guardian rushes to your
                  | aid. [demonic ancestry]
  4915 | D:5      | Reached XP level 8. HP: 41/52 MP: 9/11
  5063 | D:5      | Slain by a gnoll sergeant

Illustrated notes

Levels and vault maps discovered:
D:1:      shiori_arrival_whats_in_store_for_you, layout_basic,
          chequers_ecumenical_altar_twisty
D:2:      layout_basic, uniq_jessica, uniq_sigmund
D:3:      layout_basic, serial_curves, eino_curves_04, eino_curves_02
D:4:      layout_loops_ring, kennysheep_mini, kennysheep_small_square
D:5:      layout_cave_pods, minmay_temple_entry_poolview, gammafunk_ghost_grave,
          uniq_prince_ribbit1, uniq_duvessa
D:6:      layout_basic, serial_shops, shop, nicolae_lakefront_shop, uniq_maggie

Skill      XL: |  1  2  3  4  5  6  7 |
---------------+----------------------+-----
Dodging        | 2 3 4 5 |  5.1
Ice Magic      | 4 5 6 8 |  8.0
Stealth        | |  1.7
Spellcasting   | |  2.0

Action                   |  1- 3 |  4- 6 |  7- 9 || total
-------------------------+-------+-------+-------++-------
Melee: Unarmed           |    12 |    29 |       ||    41
       Spear             |       |    22 |    67 ||    89
 Cast: Freeze            |    36 |    10 |     8 ||    54
       Frozen Ramparts   |     3 |    23 |     9 ||    35
  Use: Potion            |     3 |     3 |       ||     6
       Scroll            |       |     3 |       ||     3
 Stab: Sleeping          |     1 |       |     1 ||     2
Armor: Robe              |     8 |    19 |    20 ||    47
Dodge: Dodged            |    24 |    58 |    68 ||   150

Table legend: (Time is in decaauts)
 A = Elapsed time spent in this place.
 B = Non-inter-level travel time spent in this place.
 C = Inter-level travel time spent in this place.
 D = Time resting spent in this place.
 E = Time spent auto-exploring this place.
 F = Levels seen in this place.
 G = Mean time per level.
                   A        B        C        D        E       F      G
               +--------+--------+--------+--------+--------+-----+--------+
         Total |   5050 |   4976 |     74 |      0 |   4279 |   6 |  841.7 |
       Dungeon |   5050 |   4976 |     74 |      0 |   4279 |   6 |  841.7 |
               +--------+--------+--------+--------+--------+-----+--------+

Top non-repeatable levels by time:
     D:2: 1618 daAuts
     D:1: 1201 daAuts
     D:3: 1114 daAuts
     D:6: 577 daAuts
     D:4: 371 daAuts
     D:5: 168 daAuts
